 Dungeon Crawl Stone Soup version 0.18-a0-1800-gdc7a371 (console) character file.

115 MenacingMecha the Cutter (level 5, 0/29 HPs)
             Began as a Kobold Artificer on Apr 24, 2016.
             Slain by Terence
             ... wielding a +0 flail
              (4 damage)
             ... on level 3 of the Dungeon.
             The game lasted 00:36:26 (2603 turns).

MenacingMecha the Cutter (Kobold Artificer)         Turns: 2603, Time: 00:36:26

Health: 0/29       AC:  4    Str: 15    XL:     5   Next: 20%
Magic:  7/7        EV: 15    Int: 10    God:
Gold:   78         SH:  0    Dex: 17    Spells: 0 memorised, 4 levels left

rFire  . . .     SeeInvis .     a - +0 short sword
rCold  . . .     Gourm    .     b - +0 leather armour
rNeg   . . .     Faith    .     (shield restricted)
rPois  .         Spirit   .     (no helmet)
rElec  .         Dismiss  .     (no cloak)
rCorr  .         Reflect  .     k - +0 pair of gloves
SustAt .         Harm     .     (no boots)
MR     .....                    (no amulet)
Stlth  ++........               (no ring)
                                (no ring)

@: mighty, not resistant to hostile enchantments, unstealthy
A: carnivore 3
a: no special abilities


You were on level 3 of the Dungeon.
You were very full.

You visited 1 branch of the dungeon, and saw 3 of its levels.

You collected 78 gold pieces.

Inventory:

Hand Weapons
 a - a +0 short sword (weapon)
Missiles
 s - 2 tomahawks (quivered)
Armour
 b - a +0 leather armour (worn)
 h - a +2 plate armour of fire resistance
 k - a +0 pair of gloves (worn)
 m - a +0 shield
Wands
 c - a wand of flame (11/48)
 d - a wand of enslavement (14/24)
 e - a wand of random effects (15/48)
Scrolls
 g - 6 scrolls of identify {unknown}
 j - a scroll of amnesia {unknown}
 l - a scroll of recharging {unknown}
 n - 2 scrolls of remove curse {unknown}
 r - a scroll of fear {unknown}
Potions
 o - a potion of agility {unknown}
 p - a potion of curing {unknown}
 q - 2 potions of cure mutation
 t - a potion of heal wounds {unknown}
Comestibles
 f - a meat ration
 u - a chunk of flesh


   Skills:
 - Level 1.1 Fighting
 + Level 6.1 Short Blades
 - Level 2.4 Dodging
 - Level 1.3 Stealth
 - Level 3.6 Evocations


You had 4 spell levels left.
You didn't know any spells.

Dungeon Overview and Level Annotations

Branches:
Dungeon (3/15)

Altars:
Dithmenos
Ru

Annotations:
D:3 Terence


Innate Abilities, Weirdness & Mutations

You are small and have problems with some larger weapons.
You are carnivorous and can eat meat at any time.


Message History

You hit Terence.
Terence is severely wounded.
You barely miss Terence.
Terence is severely wounded.
Terence closely misses you.
You hit Terence but do no damage.
Terence is severely wounded.
Terence hits you with a flail.
* * * LOW HITPOINT WARNING * * *
Drink which item? (? for menu, Esc to quit)
It was a potion of cure mutation.
It has a very clean taste.
Drink which item? (? for menu, Esc to quit)
It was a potion of might.
You feel very mighty all of a sudden. Terence hits you with a flail.
* * * LOW HITPOINT WARNING * * *
You hit Terence.
Terence is almost dead.
Terence hits you with a flail.
You die...

#######......######.
#....##......# #.
#....##......# #.
#....##......# #.
#....#####.### ##
#....#####^#
#..........#
#..!.#####.# ###@##
#.# #@# #.# #.. #.#
.... ... #.... ###
...... #.....#
#.#####


You could see Terence.

Vanquished Creatures
  A centaur zombie (D:3)
  3 adders
  An ooze (D:1)
  A dart slug (D:1)
  A giant gecko (D:3)
  2 giant cockroaches (D:2)
  3 goblins (D:1)
  6 hobgoblins
  4 jackals (D:3)
  4 kobolds
  A quokka (D:2)
  10 bats
  4 giant newts
  5 rats
46 creatures vanquished.

Vanquished Creatures (collateral kills)
  A dart slug (D:1)
  A giant gecko (D:1)
  A bat (D:1)
3 creatures vanquished.

Grand Total: 49 creatures vanquished

Notes
Turn   | Place    | Note
--------------------------------------------------------------
     0 | D:1      | MenacingMecha the Kobold Artificer began the quest for the Orb.
     0 | D:1      | Reached XP level 1. HP: 12/12 MP: 3/3
   150 | D:1      | Reached skill level 2 in Short Blades
   187 | D:1      | Reached XP level 2. HP: 9/16 MP: 4/4
   492 | D:1      | Reached skill level 3 in Short Blades
   925 | D:1      | Reached XP level 3. HP: 19/20 MP: 5/5
  1352 | D:1      | Reached skill level 4 in Short Blades
  1522 | D:2      | Reached XP level 4. HP: 16/25 MP: 6/6
  1795 | D:2      | Reached skill level 5 in Short Blades
  2054 | D:2      | Found a sacrificial altar of Ru.
  2144 | D:2      | Found a shadowy altar of Dithmenos.
  2511 | D:3      | Reached XP level 5. HP: 29/29 MP: 7/7
  2561 | D:3      | Reached skill level 6 in Short Blades
  2583 | D:3      | Noticed Terence
  2603 | D:3      | Slain by Terence

Vault maps used:
D:1:      scummos_arrival_simple_fountains
D:2:      nicolae_overflow_hidden_temple, minmay_misc_feat_ornament,
          nicolae_ru_sacrificial_ziggurat
D:3:      lemuel_crystal_altar, marbit_many_paths, uniq_terence

Skill      XL: |  1  2  3  4  5 |
---------------+----------------+-----
Short Blades   | 2 3 4 5 6 |  6.1
Fighting       | |  1.1
Dodging        | |  2.4
Stealth        | |  1.3
Evocations     | |  3.6

Action                   |  1- 3 |  4- 6 || total
-------------------------+-------+-------++-------
Melee: Short sword       |   170 |   109 ||   279
Evoke: Wand              |     2 |     3 ||     5
  Use: Potion            |       |     2 ||     2
 Stab: Sleeping          |       |     1 ||     1
  Eat: Chunk             |    10 |     3 ||    13
Armor: Leather armour    |    10 |    19 ||    29
       Plate armour      |   170 |    11 ||   181
Dodge: Dodged            |    80 |    58 ||   138
